 Dungeon Crawl Stone Soup version 0.27-a0-1378-gdefffd1ff6 (webtiles) character file.

Game seed: 17436939221594359947

12 Lanoc the Ruffian (level 2, -6/23 HPs)
             Began as a Minotaur Transmuter on June 29, 2021.
             Mangled by a worm (10 damage)
             ... on level 2 of the Dungeon.
             The game lasted 00:01:27 (987 turns).

Lanoc the Ruffian (Minotaur Transmuter)              Turns: 987, Time: 00:01:27

Health: -6/23      AC:  2    Str: 14    XL:     2   Next: 20%
Magic:  3/3        EV: 12    Int: 10    God:
Gold:   70         SH:  0    Dex: 10    Spells: 0/3 levels left

rFire    . . .     SeeInvis .     - Unarmed
rCold    . . .     Faith    .   (no shield)
rNeg     . . .     Spirit   .   a - +0 robe
rPois    .         Reflect  .   (helmet restricted)
rElec    .         Harm     .   (no cloak)
rCorr    .         Rampage  .   (no gloves)
Will     .....                  (no boots)
Stlth    +.........             (no amulet)
HPRegen  0.07/turn              (no ring)
MPRegen  0.08/turn              (no ring)

@: no status effects
A: horns 2, retaliatory headbutt
a: no special abilities


You were on level 2 of the Dungeon.
You visited 1 branch of the dungeon, and saw 2 of its levels.

You collected 70 gold pieces.

Inventory:

Armour
 a - a +0 robe (worn)
Scrolls
 c - 3 scrolls of fear {unknown}
 d - a scroll of noise {unknown}
 e - a scroll of teleportation {unknown}
Potions
 b - 2 potions of curing {unknown}


   Skills:
 + Level 1.5 Fighting
 + Level 2.3 Dodging
 * Level 3.6 Unarmed Combat
 - Level 1.3 Spellcasting
 * Level 1.9 Transmutations


You couldn't memorise any spells.
You knew the following spells:

 Your Spells              Type           Power      Damage    Failure   Level
g - Wereblood             Tmut           4%         N/A       22%         2
h - Beastly Appendage     Tmut           8%         N/A       16%         1

Your spell library contained the following spells:

 Spells                   Type           Power      Damage    Failure   Level
 Animate Skeleton         Necr           0%         N/A       32%         1
 Apportation              Tloc           0%         N/A       32%         1
 Corona                   Hex            0%         N/A       32%         1
 Summon Small Mammal      Summ           0%         N/A       32%         1
 Spider Form              Tmut/Pois      1%         N/A       56%         3
 Ice Form                 Ice/Tmut       2%         N/A       92%         4


Dungeon Overview and Level Annotations

Branches:
Dungeon (2/15)

Altars:


Innate Abilities, Weirdness & Mutations

You have a pair of horns on your head.
You reflexively headbutt those who attack you in melee.


Message History

Okay, then.
The orc hits you with a +0 mace.
Found a pink potion.
You barely miss the orc. Your headbutt misses the orc.
The orc hits you with a +0 mace.
An orc comes into view. It is wielding a +0 club.
You hit the orc.
The orc is severely wounded.
The orc hits you with a +0 mace.
You closely miss the orc. You headbutt the orc.
You kill the orc!
The orc barely misses you.
Things that are here:
a +0 mace; an orc corpse You hit the orc.
The orc is heavily wounded.
The orc hits you with a +0 club.
You hit the orc. Your kick misses the orc.
The orc is heavily wounded.
The orc closely misses you.
You closely miss the orc.
The orc is heavily wounded.
The orc closely misses you.
You closely miss the orc. You claw the orc, but do no damage.
The orc is heavily wounded.
The worm misses you. You furiously retaliate!
You headbutt the worm. The orc closely misses you.
You hit the orc. You headbutt the orc.
You kill the orc!
You completely miss the worm.
The worm is lightly wounded.
Your talons disappear.
The worm bites you!
* * * LOW HITPOINT WARNING * * *
You barely miss the worm.
The worm is lightly wounded.
You hit the worm.
The worm is lightly wounded.
The worm bites you!
You die...

# #. . #.####
#.##..... #
#.......# .#
.....##)##..###
###
#...@....!..
...
#.##w##.####
#.##.##.##..w)
#..........#
#.......##.#
#..#.#..# #
#..#.#..#
#..#.#..#
#.......#


You could see a worm.

Vanquished Creatures
  2 orcs (D:2)
  A hobgoblin (D:1)
  A quokka (D:2)
  2 bats (D:1)
  2 frilled lizards (D:1)
  A kobold (D:2)
  2 rats
11 creatures vanquished.

Notes
Turn   | Place    | Note
-------+----------+-------------------------------------------
     0 | D:1      | Lanoc the Minotaur Transmuter began the quest for the Orb.
     0 | D:1      | Reached XP level 1. HP: 16/16 MP: 1/1
   877 | D:2      | Reached XP level 2. HP: 18/23 MP: 0/3
   880 | D:2      | Learned a level 2 spell: Wereblood
   987 | D:2      | Mangled by a worm

Illustrated notes

Levels and vault maps discovered:
D:1:      sevenhm_arrival_forest_fort_small_5, layout_loops_ring,
          serial_park_tiny_2
D:2:      layout_loops_cross, uniq_jessica

Action                   || total
-------------------------++-------
Melee: Unarmed           ||    36
       Kick              ||     3
       Headbutt          ||     3
 Cast: Beastly Appendage ||     5
Armor: Robe              ||     4
Dodge: Dodged            ||    18

Table legend: (Time is in decaauts)
 A = Elapsed time spent in this place.
 B = Non-inter-level travel time spent in this place.
 C = Inter-level travel time spent in this place.
 D = Time resting spent in this place.
 E = Time spent auto-exploring this place.
 F = Levels seen in this place.
 G = Mean time per level.
                   A        B        C        D        E       F      G
               +--------+--------+--------+--------+--------+-----+--------+
         Total |    990 |    947 |     43 |      0 |    876 |   2 |  495.0 |
       Dungeon |    990 |    947 |     43 |      0 |    876 |   2 |  495.0 |
               +--------+--------+--------+--------+--------+-----+--------+

Top non-repeatable levels by time:
     D:1: 873 daAuts
     D:2: 117 daAuts
